 Dungeon Crawl Stone Soup version 0.20.1-1-g8b1a95d (webtiles) character file.

65 taka the Ruffian (level 4, -5/33 HPs)
             Began as a Human Wanderer on Aug 20, 2017.
             Slain by an ice beast (14 damage)
             ... on level 3 of the Dungeon.
             The game lasted 00:11:19 (3772 turns).

taka the Ruffian (Human Wanderer)                   Turns: 3772, Time: 00:11:19

Health: -5/33      AC:  6    Str: 16    XL:     4   Next: 34%
Magic:  4/4        EV: 10    Int:  9    God:
Gold:   32         SH:  0    Dex: 13    Spells: 4/4 levels left

rFire    . . .     SeeInvis .   e - +0 club
rCold    . . .     Gourm    .   (no shield)
rNeg     . . .     Faith    .   r - +0 scale mail
rPois    .         Spirit   .   (no helmet)
rElec    .         Reflect  .   (no cloak)
rCorr    .         Harm     .   (no gloves)
MR       .....                  (no boots)
Stlth    +.........             (no amulet)
Regen    0.2/turn               i - ring of wizardry
MPRegen  0.1/turn               (no ring)

@: no status effects
A: no striking features
a: no special abilities


You were on level 3 of the Dungeon.
You were not hungry.

You visited 1 branch of the dungeon, and saw 3 of its levels.

You collected 32 gold pieces.

Inventory:

Hand Weapons
 e - a +0 club (weapon)
 f - a +0 dagger
Armour
 d - a +0 robe
 r - a +0 scale mail (worn)
Jewellery
 i - a ring of wizardry (left hand)
Scrolls
 b - a scroll of enchant weapon {unknown}
 h - 2 scrolls of remove curse {unknown}
 j - a scroll of teleportation {unknown}
 m - 2 scrolls of identify {unknown}
 q - a scroll of immolation {unknown}
Potions
 a - a potion of flight {unknown}
 c - 2 potions of curing
 k - 2 potions of brilliance {unknown}
 n - a potion of degeneration {unknown}
 p - a potion of heal wounds
Comestibles
 g - 2 bread rations
 l - 2 meat rations
 o - 3 chunks of flesh


   Skills:
 + Level 2.2 Fighting
 + Level 1.1 Maces & Flails
 * Level 0.6 Armour
 + Level 2.0 Dodging
 - Level 3.4 Stealth
 + Level 4.3 Unarmed Combat
 * Level 0.5 Spellcasting


You had 4 spell levels left.
You didn't know any spells.

Dungeon Overview and Level Annotations

Branches:
Dungeon (3/15)

Altars:


Message History

The worm is heavily wounded.
The worm bites you.
You hit the worm.
The worm is severely wounded.
The worm barely misses you.
You hit the worm.
The worm is almost dead.
You hit the worm.
You kill the worm!
You start resting.
HP restored.
An ice beast comes into view.
You closely miss the ice beast. The ice beast hits you.
The ice beast freezes you! The ice beast hits you. The ice beast freezes you!
You hit the ice beast but do no damage. You punch the ice beast.
The ice beast is lightly wounded.
The ice beast hits you.
* * * LOW HITPOINT WARNING * * *
The ice beast freezes you!
You die...

#..........#
#..........#
....###.######
.######.##
..........#
.#####...#
##..# ##.# #@#
#..Y.# ######


You could see an ice beast.

Vanquished Creatures
  An adder (D:2)
  A worm (D:3)
  A dart slug (D:1)
  2 leopard geckos (D:1)
  An orc (D:1)
  2 giant cockroaches
  9 goblins
  5 hobgoblins
  A quokka (D:2)
  11 bats
  4 frilled lizards (D:1)
  6 kobolds
  4 rats
48 creatures vanquished.

Notes
Turn   | Place    | Note
-------+----------+-------------------------------------------
     0 | D:1      | taka the Human Wanderer began the quest for the Orb.
     0 | D:1      | taka set off with: a potion of heal wounds, a scroll of blinking, 2 potions of curing, a +0 robe, a +0 club, a +0 dagger, a bread ration
     0 | D:1      | Reached XP level 1. HP: 16/16 MP: 1/1
   216 | D:1      | Reached XP level 2. HP: 19/22 MP: 2/2
   903 | D:1      | Reached XP level 3. HP: 15/27 MP: 3/3
  1232 | D:1      | HP: 1/27 [frilled lizard (3)]
  2709 | D:2      | Reached XP level 4. HP: 33/33 MP: 4/4
  3316 | D:2      | Reached skill level 1 in Maces & Flails
  3770 | D:3      | Noticed an ice beast
  3772 | D:3      | Slain by an ice beast

Skill      XL: |  1  2  3  4 |
---------------+-------------+-----
Dodging        | 2 |  2.0
Maces & Flails | 1 |  1.1
Fighting       | |  2.2
Armour         | |  0.6
Stealth        | |  3.4
Unarmed Combat | |  4.3
Spellcasting   | |  0.5

Action                   |  1- 3 |  4- 6 || total
-------------------------+-------+-------++-------
Melee: Club              |   187 |    62 ||   249
       Punch             |     2 |     3 ||     5
  Use: Scroll            |     1 |       ||     1
       Potion            |     1 |       ||     1
 Stab: Sleeping          |     7 |     1 ||     8
  Eat: Chunk             |     6 |     3 ||     9
Armor: Robe              |    54 |    11 ||    65
       Scale mail        |       |    10 ||    10
Dodge: Dodged            |   177 |    29 ||   206
